 Dungeon Crawl Stone Soup version 0.29-a0-821-g66395355a5 (webtiles) character file.

Game seed: 4676397700959195377

1136 porpoise the Trooper (level 8, -5/73 HPs)
             Began as a Hill Orc Brigand on July 8, 2022.
             Was a Believer of Elyvilon.
             Slain by a sky beast (6 damage)
             ... on level 6 of the Dungeon.
             The game lasted 00:18:30 (5259 turns).

porpoise the Trooper (Hill Orc Brigand)             Turns: 5259, Time: 00:18:30

Health: -5/73      AC: -3    Str: 16    XL:     8   Next: 36%
Magic:  12/12      EV: 10    Int: 11    God:    Elyvilon [**....]
Gold:   326        SH:  0    Dex: 12    Spells: 7/7 levels left

rFire   . . .      SeeInvis .   a - +2 dagger (elec)
rCold   . . .      Faith    .   (no shield)
rNeg    . . .      Spirit   .   m - +0 ring mail
rPois   +          Reflect  .   E - +0 helmet
rElec   .          Harm     .   c - +0 cloak
rCorr   .          Rampage  .   (no gloves)
Will    +....                   (no boots)
Stlth   ++........              (no amulet)
HPRegen 0.22/turn               v - ring of willpower
MPRegen 0.13/turn               A - ring of poison resistance

@: corroded
A: no striking features
a: Renounce Religion, Purification, Heal Other


You were on level 6 of the Dungeon.
You worshipped Elyvilon.
Elyvilon was pleased with you.
You visited 1 branch of the dungeon, and saw 6 of its levels.

You collected 326 gold pieces.

Inventory:

Hand Weapons
 a - a +2 dagger of electrocution (weapon)
 b - a +0 sling
 d - a +2 short sword of venom
 t - a +0 hand axe
 w - the +11 whip of Breach {vorpal, *Rage rC+ MP+9}
   (You found it on level 2 of the Dungeon)

   It inflicts extra damage upon your enemies.
   rC:        It protects you from cold.
   MP:        It affects your magic capacity (+9).
   *Rage:     It berserks you when you make melee attacks (+20% chance).
 B - a +0 longbow of venom
 G - the +5 spear "Undertaker" {flame, rElec Will++ MP+9 Str-5}
   (You found it on level 6 of the Dungeon)

   It burns those it strikes, dealing additional fire damage.
   Str:       It affects your strength (-5).
   rElec:     It insulates you from electricity.
   MP:        It affects your magic capacity (+9).
   Will:      It greatly increases your willpower.
Missiles
 e - 3 curare-tipped darts
 n - 9 poisoned darts
 o - 5 boomerangs
Armour
 c - a +0 cloak (worn)
 k - an orb of mayhem
 m - a +0 ring mail (worn)
 E - a +0 helmet (worn)
Jewellery
 v - a ring of willpower (left hand)
 A - a ring of poison resistance (right hand)
 F - a ring of protection from cold
Wands
 I - a wand of roots (5)
Scrolls
 f - a scroll of blinking {unknown}
 j - a scroll of fog
 p - a scroll of fear
 z - a scroll of teleportation {unknown}
Potions
 g - a potion of lignification {unknown}
 h - a potion of degeneration {unknown}
 i - a potion of brilliance {unknown}
 l - a potion of mutation {unknown}
 q - 2 potions of flight
 r - a potion of ambrosia {unknown}
 u - a potion of curing {unknown}
 C - a potion of attraction {unknown}
 D - a potion of haste
 H - a potion of heal wounds {unknown}


   Skills:
 - Level 7.3 Fighting
 - Level 2.0 Short Blades
 + Level 4.7 Axes
 - Level 1.7 Throwing
 + Level 4.9 Armour
 - Level 0.7 Dodging
 - Level 3.2 Stealth
 + Level 5.9 Invocations


You had 7 spell levels left.
You didn't know any spells.
Your spell library was empty.

Dungeon Overview and Level Annotations

Branches:
Dungeon (7/15)             Temple (0/1) D:6

Altars:
Elyvilon
Gozag
Hepliaklqana
Qazlal
Sif Muna
Trog
Wu Jian

Shops:
D:4 (


Message History

The jelly closely misses you.
Unknown command.
A sky beast comes into view.
You hit the jelly but do no damage.
Your hands burn!
The jelly is lightly wounded.
The jelly hits you.
You are splashed with acid.
* * * LOW HITPOINT WARNING * * *
A black bear comes into view.
The sky beast flickers out of sight!
Deactivating autopickup; reactivate with Ctrl-A.
The jelly attacks as you move away! The jelly hits you.
* * * LOW HITPOINT WARNING * * *
You are splashed with acid.
* * * LOW HITPOINT WARNING * * *
As you read the scroll labelled QYWKOI BESHREXTOME, it crumbles to dust.
You hear a loud clanging noise!
It was a scroll of noise.
The black bear growls angrily.
You hear a shout!
The jelly closely misses you.
As you read the scroll labelled KESTRE WYKHEVYA, it crumbles to dust.
The scroll dissolves into smoke.
It was a scroll of fog.
The jelly hits you.
* * * LOW HITPOINT WARNING * * *
You are splashed with acid!
Elyvilon protects you from harm!
Unknown command.
As you read the scroll labelled UTUS DURUAWK, it crumbles to dust.
The creatures around you are filled with an inner flame!
It was a scroll of immolation.
The jelly closely misses you. Something hits you.
* * * LOW HITPOINT WARNING * * *
Something shocks you.
* * * LOW HITPOINT WARNING * * *
As you read the scroll labelled ADUPLO WENLAT, it crumbles to dust.
It is a scroll of brand weapon.
Your +0 longbow drips with poison.
B - a +0 longbow of venom The jelly closely misses you.
Something hits you. Elyvilon protects you from harm! Something shocks you.
You die...

# .. #.##....##..#
..#.##......##.....#
#......##.>....#...#
....#......##.#..##
#...#.#.##.......#
######.....#.....#.##.##
#.......#....##..#.....##
#.......#§##.......##...#
#....h..§§J@.#.##.......#
.........##{§§#....##....#
..........§§§§...........#
.........................#
##.............###.#######
#.............# #.#
#.............# #.#
..............# #.#
###.###....# #.#


You could see a jelly (inner flame).

Vanquished Creatures
  Pikel (D:4)
  Sigmund (D:3)
  A black bear (D:4)
  A phantom (D:2)
  2 lemures (D:4)
  A necrophage (D:3)
  An orc priest (D:3)
  An iguana (D:4)
  An orc wizard (D:3)
  Robin (D:4)
  4 gnolls (D:4)
  5 adders
  A white imp (D:6)
  A worm (D:3)
  2 dart slugs
  8 orcs
  6 ball pythons
  8 endoplasms
  2 giant cockroaches
  8 goblins
  5 hobgoblins
  3 jackals (D:1)
  5 bats
  11 frilled lizards (D:1)
  11 kobolds
  8 rats
99 creatures vanquished.

Notes
Turn   | Place    | Note
-------+----------+-------------------------------------------
     0 | D:1      | porpoise the Hill Orc Brigand began the quest for the Orb.
     0 | D:1      | Reached XP level 1. HP: 18/18 MP: 1/1
   249 | D:1      | Reached skill level 3 in Fighting
   375 | D:1      | Reached XP level 2. HP: 15/26 MP: 2/2
  1040 | D:1      | Found a faded altar of an unknown god.
  1122 | D:1      | Reached skill level 4 in Fighting
  1128 | D:1      | Reached XP level 3. HP: 26/33 MP: 3/3
  1742 | D:2      | Identified the +11 whip of Breach {vorpal, *Rage rC+ MP+9}
  1771 | D:2      | Noticed a phantom
  1782 | D:2      | Killed a phantom
  1783 | D:2      | Reached skill level 6 in Fighting
  1783 | D:2      | Reached XP level 4. HP: 28/44 MP: 3/4
  1783 | D:2      | Reached XP level 5. HP: 32/50 MP: 3/5
  2282 | D:3      | Found a stormy altar of Qazlal.
  2290 | D:3      | Found a white marble altar of Elyvilon.
  2293 | D:3      | Found an ornate altar of the Wu Jian Council.
  2293 | D:3      | Found an opulent altar of Gozag.
  2296 | D:3      | Became a worshipper of Elyvilon the Healer
  2306 | D:3      | Found a hazy altar of Hepliaklqana.
  2315 | D:3      | Reached skill level 1 in Armour
  2315 | D:3      | Reached skill level 1 in Invocations
  2553 | D:3      | Reached XP level 6. HP: 48/58 MP: 7/7
  2714 | D:3      | Noticed Sigmund
  2728 | D:3      | Killed Sigmund
  2729 | D:3      | Reached skill level 7 in Fighting
  2729 | D:3      | Reached XP level 7. HP: 38/66 MP: 7/9
  3296 | D:3      | Found a shimmering blue altar of Sif Muna.
  3586 | D:4      | Reached * piety under Elyvilon
  3710 | D:4      | Reached skill level 1 in Axes
  4152 | D:4      | Found Woqibbas's Weapon Shoppe.
  4155 | D:4      | Noticed Pikel
  4194 | D:4      | Killed Pikel
  4195 | D:4      | Reached skill level 5 in Invocations
  4195 | D:4      | Reached XP level 8. HP: 23/73 MP: 9/12
  4791 | D:4      | Reached ** piety under Elyvilon
  4795 | D:4      | Noticed Robin
  4818 | D:4      | Killed Robin
  4964 | D:4      | You fall into a shaft and drop 3 floors!
  4965 | D:7      | Found a bloodstained altar of Trog.
  5012 | D:6      | Identified the +5 spear "Undertaker" {flame, rElec Will++
                  | MP+9 Str-5}
  5116 | D:6      | Found a staircase to the Ecumenical Temple.
  5256 | D:6      | Elyvilon protects you from harm!
  5258 | D:6      | HP: 1/73 [something (5)]
  5259 | D:6      | Elyvilon protects you from harm!
  5259 | D:6      | Slain by a sky beast

Illustrated notes

Levels and vault maps discovered:
D:1:      dpeg_arrival_long_road, layout_loops_ring, basic_ecumenical_altar,
          minmay_lizard_pond
D:2:      layout_basic, hangedman_abyss_or_decor_lesser_grid
D:3:      layout_basic, nicolae_overflow_hallway_of_the_gods, lemuel_tele_altar,
          minmay_misc_feat_four_crosses, uniq_sigmund
D:4:      layout_basic, serial_shops, nicolae_shop_stone, uniq_pikel,
          uniq_robin, uniq_menkaure
D:6:      layout_basic, minmay_temple_entry_ruins, hex_large, uniq_eustachio,
          uniq_crazy_yiuf_cottage, uniq_grinder, uniq_duvessa
D:7:      lemuel_slime, layout_basic, old_standard_altar

Skill      XL: |  1  2  3  4  5  6  7 |
---------------+----------------------+-----
Fighting       | 3 4 6 7 |  7.3
Armour         | 1 2 4 |  4.9
Invocations    | 2 3 5 |  5.9
Axes           | 4 |  4.7
Short Blades   | |  2.0
Throwing       | |  1.7
Dodging        | |  0.7
Stealth        | |  3.2

Action                   |  1- 3 |  4- 6 |  7- 9 || total
-------------------------+-------+-------+-------++-------
Melee: Dagger            |    55 |       |    43 ||    98
       Short sword       |    41 |    66 |   102 ||   209
       Whip              |     6 |     8 |       ||    14
       Punch             |       |     1 |     2 ||     3
 Fire: Sling             |     8 |    18 |    22 ||    48
Throw: Dart              |     1 |       |       ||     1
Invok: Heal Other        |       |       |     1 ||     1
Evoke: Wand              |       |       |     2 ||     2
  Use: Scroll            |       |     2 |     5 ||     7
       Potion            |       |       |     1 ||     1
 Stab: Sleeping          |     3 |       |     2 ||     5
Armor: Robe              |    29 |       |       ||    29
       Ring mail         |     7 |    30 |    38 ||    75
Dodge: Dodged            |    53 |    41 |    58 ||   152

Table legend: (Time is in decaauts)
 A = Elapsed time spent in this place.
 B = Non-inter-level travel time spent in this place.
 C = Inter-level travel time spent in this place.
 D = Time resting spent in this place.
 E = Time spent auto-exploring this place.
 F = Levels seen in this place.
 G = Mean time per level.
                   A        B        C        D        E       F      G
               +--------+--------+--------+--------+--------+-----+--------+
         Total |   5240 |   5009 |    231 |   2280 |   1832 |   6 |  873.3 |
       Dungeon |   5240 |   5009 |    231 |   2280 |   1832 |   6 |  873.3 |
               +--------+--------+--------+--------+--------+-----+--------+

Top non-repeatable levels by time:
     D:1: 1639 daAuts
     D:4: 1362 daAuts
     D:3: 1180 daAuts
     D:2: 767 daAuts
     D:6: 249 daAuts
     D:7: 41 daAuts
